 Dungeon Crawl Stone Soup version 0.21-a0-95-g06f091e (webtiles) character file.

35 grindst0ne the Insei (level 3, -2/26 HPs)
             Began as a Merfolk Transmuter on July 4, 2017.
             Slain by a hippogriff (3 damage)
             ... on level 2 of the Dungeon.
             The game lasted 00:02:25 (1427 turns).

grindst0ne the Insei (Merfolk Transmuter)           Turns: 1427, Time: 00:02:26

Health: -2/26      AC:  2    Str: 11    XL:     3   Next: 33%
Magic:  4/6        EV: 13    Int: 15    God:
Gold:   80         SH:  0    Dex: 14    Spells: 0/6 levels left

rFire    . . .     SeeInvis +     - Unarmed
rCold    . . .     Gourm    .   (no shield)
rNeg     . . .     Faith    .   b - +0 robe
rPois    .         Spirit   .   (no helmet)
rElec    .         Reflect  .   (no cloak)
rCorr    .         Harm     .   (no gloves)
MR       .....                  (no boots)
Stlth    +.........             (no amulet)
HPRegen  0.08/turn              l - ring of see invisible
MPRegen  0.10/turn              n - +3 ring of intelligence

@: lethally poisoned (-2 -> -4)
A: change form in water, swift swim, stealthy swim
a: no special abilities


You were on level 2 of the Dungeon.
You were very hungry.

You visited 1 branch of the dungeon, and saw 3 of its levels.

You collected 80 gold pieces.

Inventory:

Missiles
 a - 42 arrows
Armour
 b - a +0 robe (worn)
Jewellery
 l - a ring of see invisible (left hand)
 n - a +3 ring of intelligence (right hand)
 q - an uncursed ring of protection from fire {unknown}
Scrolls
 f - a scroll of remove curse {unknown}
 g - 5 scrolls of identify {unknown}
 j - a scroll of amnesia {unknown}
 m - a scroll of fear {unknown}
 o - a scroll of enchant weapon {unknown}
 p - a scroll of teleportation {unknown}
Potions
 e - a potion of heal wounds {unknown}
 h - 2 potions of agility {unknown}
 i - a potion of haste {unknown}
 k - a potion of brilliance {unknown}
Books
 c - a book of Changes

   Spells                             Type                      Level
   a - Beastly Appendage              Transmutation                1
   b - Sticks to Snakes               Transmutation                2
   c - Spider Form                    Transmutation/Poison         3
   d - Ice Form                       Ice/Transmutation            4
   e - Blade Hands                    Transmutation                5
Comestibles
 d - a bread ration


   Skills:
 - Level 1.1 Fighting
 - Level 2.6 Dodging
 - Level 4.0 Unarmed Combat
 - Level 2.0 Spellcasting
 + Level 4.0 Transmutations


You couldn't memorise any spells.
You knew the following spells:

 Your Spells              Type           Power        Failure   Level  Hunger
a - Beastly Appendage     Tmut           ##....       4%          1    #......
b - Sticks to Snakes      Tmut           ##......     6%          2    ###....
c - Spider Form           Tmut/Pois      #.........   28%         3    ###....


Dungeon Overview and Level Annotations

Branches:
Dungeon (3/15)

Altars:

Annotations:
D:3 p0werm0de's ghost, weakling DsCK


Message History

There is a stone staircase leading down here.
The hippogriff closely misses you. The hippogriff pecks you.
The hippogriff claws you.
An adder comes into view.
The adder hisses angrily.
The hippogriff bites you. The hippogriff barely misses you.
The hippogriff claws you!
* * * LOW HITPOINT WARNING * * *
The adder bites you.
* * * LOW HITPOINT WARNING * * *
You are lethally poisoned!
The adder poisons you!
* * * LOW HITPOINT WARNING * * *
You feel sick. The adder bites you.
* * * LOW HITPOINT WARNING * * *
* * * LOW HITPOINT WARNING * * *
You feel sick.
* * * LOW HITPOINT WARNING * * *
You feel sick. The hippogriff bites you.
You die...

#####.##...........#
##.#.#####
......##.###.....#.#
#.###.....
.#######.###.......#
##.#.####. .#
#.##......#.# ##.## #. .#
#.......###.# ### #. .#
#..#.#..###.# #. .#
###...........###### ##
######..........SH......#
#.......#.##.#@..####.#
#.##.##.#.##.##### #.#
#.##.##......## #.####
#.##..........# #....#
#.#####..####.### ####.#
#.####...<......# ####.#
#........#......# #....#
######.#.#......# #.####
#.....#......# #.#


You could see a hippogriff and an adder.

Vanquished Creatures
  An ooze (D:1)
  A dart slug (D:1)
  5 bats
  3 giant cockroaches
  3 kobolds
  3 frilled lizards
  6 goblins
  6 rats
28 creatures vanquished.

Vanquished Creatures (collateral kills)
  A giant cockroach (D:3)
1 creature vanquished.

Grand Total: 29 creatures vanquished

Notes
Turn   | Place    | Note
-------+----------+-------------------------------------------
     0 | D:1      | grindst0ne the Merfolk Transmuter began the quest for the Orb.
     0 | D:1      | Reached XP level 1. HP: 15/15 MP: 3/3
   106 | D:1      | Reached XP level 2. HP: 21/21 MP: 3/5
   854 | D:2      | Reached XP level 3. HP: 26/26 MP: 6/6
  1302 | D:2      | Learned a level 2 spell: Sticks to Snakes
  1306 | D:2      | Learned a level 3 spell: Spider Form
  1380 | D:3      | Noticed a hippogriff
  1383 | D:3      | Noticed p0werm0de's ghost (weakling DsCK)
  1427 | D:2      | HP: 1/26 [poisoned by an adder]
  1427 | D:2      | Slain by a hippogriff

Vault maps used:
D:1:      minmay_arrival_nine_rooms
D:3:      first_bread, wad_floor_pattern_1

Skill      XL: |  1  2  3 |
---------------+----------+-----
Transmutations | 3 4 |  4.0
Unarmed Combat | 4 |  4.0
Fighting       | |  1.1
Dodging        | |  2.6
Spellcasting   | |  2.0

Action                   || total
-------------------------++-------
Melee: Unarmed           ||    68
       Headbutt          ||     8
 Cast: Beastly Appendage ||    20
       Sticks to Snakes  ||     3
 Stab: Sleeping          ||     1
  Eat: Chunk             ||     1
Armor: Robe              ||    13
Dodge: Dodged            ||    53
